 Seeded DCSS version 0.29-a0-870-g2c972031a6 (webtiles) character file.

Game seed: 8897551386731462229 (custom seed)

22316 wilfster70 the Severer (level 12, 0/97 HPs)
             Began as a Demonspawn Berserker on July 17, 2022.
             Was a High Priest of Trog.
             Slain by a fire elemental (4 damage)
             ... summoned by a deep elf pyromancer
             ... on level 12 of the Dungeon.
             The game lasted 00:27:59 (11909 turns).

wilfster70 the Severer (Demonspawn Berserker)      Turns: 11909, Time: 00:28:00

Health: 0/97       AC: 27    Str: 26    XL:     12   Next: 61%
Magic:  0/12       EV:  8    Int: 12    God:    Trog [*****.]
Gold:   736        SH:  0    Dex: 13    Spells: 11/11 levels left

rFire   . . .      SeeInvis .   a - +2 broad axe (elec)
rCold   . . .      Faith    .   (no shield)
rNeg    + . .      Spirit   +   d - +0 plate armour
rPois   .          Reflect  .   V - +1 hat {Will+}
rElec   +          Harm     .   M - +0 cloak
rCorr   .          Rampage  .   U - +4 pair of gloves "Ozukleot" {Fly rElec Str+4 Int+3}
Will    ++...                   (no boots)
Stlth   ..........              Q - amulet of regeneration
HPRegen 1.06/turn               k - ring of Miger Nigg {+Blink rElec rN+ Will+}
MPRegen 0.26/turn               p - +4 ring of protection

@: on berserk cooldown, flying, slowed, studying Armour, very slow
A: horns 1, demonic guardian 1, magic shield, magic regeneration, magic link,
sharp scales 1
a: Renounce Religion, Evoke Blink, Berserk, Trog's Hand, Brothers in Arms


You were on level 12 of the Dungeon.
You worshipped Trog.
Trog was extremely pleased with you.
You visited 1 branch of the dungeon, and saw 12 of its levels.
You also visited: Ossuary and Bailey.

You collected 976 gold pieces.
You spent 240 gold pieces at shops.

Inventory:

Hand Weapons
 a - a +2 broad axe of electrocution (weapon)
 b - a +1 demon whip of venom
 T - the +8 sling of Risukash {freeze, Dex+2}
   (You found it in a bailey)

   Any ammunition fired from it freezes those it strikes, dealing additional
   cold damage.
   It can also slow down cold-blooded creatures.
   Dex:       It affects your dexterity (+2).
Missiles
 f - 3 throwing nets
 A - 2 javelins (quivered)
Armour
 d - a +0 plate armour (worn)
 M - a +0 cloak (worn)
 U - the +4 pair of gloves "Ozukleot" (worn) {Fly rElec Str+4 Int+3}
   (You acquired it in a bailey)

   Str:       It affects your strength (+4).
   Int:       It affects your intelligence (+3).
   rElec:     It insulates you from electricity.
   Fly:       It grants you flight.
 V - a +1 hat of willpower (worn)
Jewellery
 e - an amulet of guardian spirit
 k - the ring of Miger Nigg (left hand) {+Blink rElec rN+ Will+}
   (You acquired it on level 2 of the Dungeon)

   [ring of positive energy]

   rElec:     It insulates you from electricity.
   rN:        It protects you from negative energy.
   +Blink:    It lets you blink.
   Will:      It increases your willpower.
 p - a +4 ring of protection (right hand)
 u - a ring of ice
 v - a ring of poison resistance
 Q - an amulet of regeneration (around neck)
Wands
 x - a wand of charming (10)
 y - a wand of roots (10)
 C - a wand of flame (15)
 G - a wand of light (13)
 H - a wand of digging (9)
 I - a wand of mindburst (11)
Scrolls
 g - 5 scrolls of noise {unknown}
 h - 2 scrolls of magic mapping
 i - 3 scrolls of poison {unknown}
 j - 2 scrolls of enchant armour
 l - 3 scrolls of amnesia {unknown}
 m - 3 scrolls of vulnerability {unknown}
 n - 10 scrolls of teleportation
 o - 2 scrolls of enchant weapon {unknown}
 q - 5 scrolls of blinking {unknown}
 r - 3 scrolls of identify
 t - a scroll of silence
 L - 2 scrolls of fear
Potions
 c - 12 potions of curing
 s - 4 potions of mutation
 w - a potion of ambrosia {unknown}
 z - a potion of might {unknown}
 B - 4 potions of resistance
 D - 2 potions of invisibility
 E - a potion of brilliance {unknown}
 F - 3 potions of heal wounds {unknown}
 K - 3 potions of lignification
 N - 4 potions of haste
 P - a potion of magic


   Skills:
 - Level 10.0 Fighting
 * Level 15.8 Axes
 + Level 10.9 Armour
 - Level 1.7 Dodging


You had 11 spell levels left.
You didn't know any spells.
Your spell library was empty.

Dungeon Overview and Level Annotations

Branches:
Dungeon (12/15)            Temple (0/1) D:7            Lair (0/5) D:10
Ossuary (visited)          Bailey (visited)
    Orc: D:9-12

Altars:
Cheibriados
Fedhas
Gozag
Hepliaklqana
Kikubaaqudgha
Makhleb
Ru
Trog
Vehumet
Xom
Yredelemnul

Shops:
D:10 =


Innate Abilities, Weirdness & Mutations

You have a pair of small horns on your head.
A weak demonic guardian rushes to your aid.
When hurt, damage is shared between your health and your magic reserves.
You regenerate magic rapidly.
When low on magic, you restore magic in place of health.
You are partially covered in razor-sharp scales. (AC +1, Slay +1)


Message History

You slash the deep elf pyromancer! You slash the fire elemental!
You are covered in liquid flames!
You are no longer on fire.
The fire elemental hits you. The fire elemental burns you!
The deep elf pyromancer gestures wildly while chanting.
The deep elf pyromancer blinks!
The fire elemental closely misses you. The fire elemental hits you.
The fire elemental burns you! The fire elemental hits you.
The fire elemental burns you! The fire elemental hits you.
The fire elemental burns you! The fire elemental hits you.
The fire elemental burns you! The fire elemental hits you.
The fire elemental burns you!
The deep elf pyromancer gestures wildly while chanting.
The deep elf pyromancer blinks!
The fire elemental hits you. The fire elemental burns you!
* * * LOW HITPOINT WARNING * * *
The fire elemental hits you. The fire elemental burns you!
* * * LOW HITPOINT WARNING * * *
The fire elemental hits you. The fire elemental burns you!
* * * LOW HITPOINT WARNING * * *
A demonic guardian appears!
The fire elemental hits you. The fire elemental barely misses you.
The fire elemental hits you. The fire elemental burns you!
* * * LOW HITPOINT WARNING * * *
A demonic guardian appears!
Your hellwing hits the fire elemental! Your hellwing hits the fire elemental.
The fire elemental closely misses your hellwing.
Your hellwing closely misses the fire elemental.
Your hellwing hits the fire elemental!
The fire elemental is destroyed!
The fire elemental disappears in a puff of smoke!
The deep elf pyromancer casts a spell at you.
The bolt of fire hits the fire elemental.
The fire elemental completely resists.
The bolt of fire hits you but does no damage.
The fire elemental hits you. The fire elemental burns you!
* * * LOW HITPOINT WARNING * * *
Items here: ! ) / †.
Your rust devil barely misses the fire elemental.
The fire elemental hits you. The fire elemental burns you!
You die...

#... ♣ .............
########... .♣. ............
..#......# ...♣♣...........
.........## ...............
..........# .............
..........# #...........
..........### #..e........
..)<........######☼°....?...
..........#....)@E#.°.......
..........#######44...##.###
.........## ............
........######..#####..... .
.#.##..........# ......
......######### ......
.###### ...... .


You could see a deep elf pyromancer, a fire elemental (summoned, ally target), a
friendly hellwing (summoned) and a friendly rust devil (summoned).

Vanquished Creatures
  Snorg (D:10)
  Fannar (D:10)
  Harold (D:10)
  A boulder beetle (D:11)
  4 two-headed ogres
  An orc high priest (Bailey)
  The ghost of gabibbone the Carver, a novice MfGl of the Shining One (D:7)
  A skeletal warrior (D:9)
  Amaemon (D:8)
  Pikel (D:5)
  2 ugly things
  A manticore (D:11)
  An unseen horror (D:10)
  A gargoyle (D:12)
  An orange demon (D:8)
  2 komodo dragons
  4 kobold demonologists
  2 trolls (D:11)
  3 hornets
  5 slime creatures (D:12)
  5 wraiths (D:9)
  A vampire (D:9)
  2 wyverns (D:10)
  11 yaks
  2 basilisks (D:10)
  3 steam dragons
  Menkaure (D:7)
  An acid dragon (D:10)
  A sky beast (D:7)
  3 ice beasts (D:6)
  15 orc warriors
  3 black bears
  An ogre (D:7)
  A phantom (D:6)
  4 centaurs
  A lemure (D:5)
  An elf zombie (Ossuary)
  Blork the orc (D:5)
  5 kobold brigands
  4 bullfrogs
  A gnoll sergeant (D:9)
  2 scorpions
  A necrophage (D:7)
  A water moccasin zombie (D:4)
  5 wights (D:7)
  8 killer bees
  3 electric eels (Bailey)
  2 howler monkeys (D:10)
  3 centaur zombies (Ossuary)
  A bullfrog skeleton (D:4)
  5 orc priests
  3 hounds
  2 human zombies (Ossuary)
  Crazy Yiuf (D:6)
  A gnoll bouda (D:9)
  2 iguanas
  6 orc wizards
  2 killer bee zombies (D:7)
  2 mummies (Ossuary)
  19 gnolls
  12 adders
  A howler monkey skeleton (D:4)
  A shadow imp (D:7)
  2 white imps (D:5)
  An adder zombie (Ossuary)
  3 worms
  The ghost of gabibbone the Sneak, a weakling KoDe (D:4)
  2 dart slugs
  56 orcs
  8 ball pythons
  4 bats
  10 endoplasms
  4 giant cockroaches
  7 goblins
  11 hobgoblins
  4 jackals (D:1)
  29 kobolds
  7 frilled lizards
  3 goblin zombies (Ossuary)
  7 hobgoblin zombies (Ossuary)
  8 kobold zombies (Ossuary)
  10 orc zombies (Ossuary)
  A rat (D:3)
  A rat zombie (Ossuary)
364 creatures vanquished.

Vanquished Creatures (collateral kills)
  An ogre (D:5)
1 creature vanquished.

Grand Total: 365 creatures vanquished

Notes
Turn   | Place    | Note
-------+----------+-------------------------------------------
     0 | D:1      | wilfster70 the Demonspawn Berserker began the quest for the
                  | Orb.
     0 | D:1      | Reached XP level 1. HP: 18/18 MP: 1/1
   213 | D:1      | Reached skill level 3 in Axes
   216 | D:1      | Gained mutation: You have a pair of small horns on your
                  | head. [demonic ancestry]
   216 | D:1      | Reached XP level 2. HP: 24/24 MP: 2/2
   384 | D:1      | Identified a scroll of acquirement
   384 | D:1      | Acquired an amulet of guardian spirit
   802 | D:2      | Acquired the ring of Miger Nigg {+Blink rElec rN+ Will+}
   850 | D:2      | Gained mutation: You regenerate magic rapidly. [demonic
                  | ancestry]
   850 | D:2      | Reached XP level 3. HP: 29/29 MP: 3/3
   906 | D:2      | Found a faded altar of an unknown god.
  1315 | D:2      | Reached XP level 4. HP: 35/35 MP: 4/4
  1371 | D:2      | Reached ** piety under Trog
  1724 | D:3      | Reached skill level 4 in Axes
  2235 | D:3      | Reached XP level 5. HP: 42/42 MP: 5/5
  2576 | D:3      | Found a bloodstained altar of Trog.
  2661 | D:3      | Found a shimmering altar of Xom.
  2781 | D:3      | Gained mutation: When hurt, damage is shared between your
                  | health and your magic reserves. [demonic ancestry]
  2781 | D:3      | Reached XP level 6. HP: 48/48 MP: 4/6
  3038 | D:4      | Found a burning altar of Makhleb.
  3152 | D:4      | Found a hazy altar of Hepliaklqana.
  3152 | D:4      | Found an ancient bone altar of Kikubaaqudgha.
  3193 | D:4      | Reached skill level 5 in Axes
  3436 | D:4      | Found a transporter.
  3440 | D:4      | Noticed gabibbone's ghost (weakling KoDe)
  3441 | D:4      | Found a transporter.
  3450 | D:4      | Killed gabibbone's ghost
  3562 | D:4      | Reached *** piety under Trog
  3596 | D:4      | Found an opulent altar of Gozag.
  3672 | D:4      | Found a blossoming altar of Fedhas.
  3672 | D:4      | Found a snail-covered altar of Cheibriados.
  4028 | D:5      | Entered Level 5 of the Dungeon
  4042 | D:4      | Gained mutation: A weak demonic guardian rushes to your
                  | aid. [demonic ancestry]
  4042 | D:4      | Reached XP level 7. HP: 49/55 MP: 7/7
  4204 | D:5      | Reached skill level 5 in Fighting
  4235 | D:5      | Noticed Blork the orc
  4242 | D:5      | Killed Blork the orc
  4243 | D:5      | Reached skill level 6 in Axes
  4360 | D:5      | Noticed Pikel
  4369 | D:5      | Killed Pikel
  4370 | D:5      | Reached skill level 7 in Axes
  4370 | D:5      | Reached XP level 8. HP: 64/64 MP: 8/8
  4790 | D:6      | Found a sacrificial altar of Ru.
  4825 | D:6      | Reached skill level 8 in Axes
  5319 | D:6      | Reached XP level 9. HP: 72/72 MP: 9/9
  5503 | D:6      | Found a runed translucent door.
  5504 | D:6      | Noticed Crazy Yiuf
  5510 | D:6      | Killed Crazy Yiuf
  5689 | D:6      | Reached skill level 9 in Axes
  6234 | D:7      | Reached **** piety under Trog
  6239 | D:7      | Found a staircase to the Ecumenical Temple.
  6248 | D:7      | Noticed Menkaure
  6253 | D:7      | Killed Menkaure
  6261 | D:7      | Found a sand-covered staircase.
  6274 | Ossuary  | Entered an ossuary
  6750 | D:7      | Reached skill level 10 in Axes
  7139 | D:7      | Found a runed translucent gate.
  7139 | D:7      | Found a runed translucent gate.
  7139 | D:7      | Found a runed translucent gate.
  7139 | D:7      | Noticed gabibbone's ghost (novice MfGl)
  7142 | D:7      | Found a basalt altar of Yredelemnul.
  7150 | D:7      | Reached ***** piety under Trog
  7247 | D:7      | Killed gabibbone's ghost
  7248 | D:7      | Gained mutation: You are partially covered in razor-sharp
                  | scales. (AC +1, Slay +1) [demonic ancestry]
  7248 | D:7      | Reached XP level 10. HP: 82/82 MP: 7/10
  7413 | D:8      | Found a flagged portal.
  7422 | D:8      | Noticed Amaemon
  7428 | D:8      | Noticed an orange demon
  7435 | D:8      | Killed Amaemon
  7436 | D:8      | Reached skill level 11 in Axes
  7443 | D:8      | Killed an orange demon
  7506 | Bailey   | Entered a bailey
  7679 | Bailey   | Noticed an orc high priest
  7687 | Bailey   | Noticed a rust devil
  7688 | Bailey   | Killed an orc high priest
  7699 | Bailey   | Reached skill level 12 in Axes
  7708 | Bailey   | Found an iron altar of Okawaru.
  7712 | Bailey   | Noticed a sixfirhy
  7778 | Bailey   | Identified the +8 sling of Risukash {freeze, Dex+2}
  7796 | Bailey   | Acquired the +4 pair of gloves "Ozukleot" {Fly rElec Str+4
                  | Int+3}
  8019 | D:8      | Acquired a manual of Armour
  8021 | D:8      | Acquired a +1 hat of willpower
  8122 | D:8      | Reached skill level 10 in Fighting
  8221 | D:8      | Noticed a two-headed ogre
  8230 | D:8      | Killed a two-headed ogre
  8231 | D:8      | Gained mutation: When low on magic, you restore magic in
                  | place of health. [demonic ancestry]
  8231 | D:8      | Reached XP level 11. HP: 90/90 MP: 11/11
  8411 | D:8      | Reached skill level 5 in Armour
  8713 | D:9      | Reached skill level 13 in Axes
  8792 | D:9      | Received a gift from Trog
  9204 | D:9      | Noticed a two-headed ogre
  9211 | D:9      | Killed a two-headed ogre
  9302 | D:9      | Found the +5 scythe "Finisher" {speed, eviscerate}
  9303 | D:9      | Noticed a skeletal warrior
  9315 | D:9      | Killed a skeletal warrior
  9473 | D:10     | Entered Level 10 of the Dungeon
  9476 | D:10     | Found a radiant altar of Vehumet.
  9493 | D:10     | Identified the +1 leather armour of Parlour Games {rN+
                  | Int-5 Dex+3 Slay-5}
  9632 | D:10     | Noticed Snorg
  9633 | D:10     | Reached skill level 14 in Axes
  9647 | D:10     | Killed Snorg
  9778 | D:10     | Noticed Fannar
  9791 | D:10     | Killed Fannar
  9930 | D:10     | Found Dolleos's Jewellery Shoppe.
  9938 | D:10     | Bought a ring of poison resistance for 240 gold pieces
 10232 | D:10     | Noticed Harold
 10244 | D:10     | Killed Harold
 10245 | D:10     | Reached XP level 12. HP: 97/97 MP: 12/12
 10439 | D:10     | Found a staircase to the Lair.
 10999 | D:11     | Reached skill level 15 in Axes
 11223 | D:11     | Noticed a two-headed ogre
 11231 | D:11     | Killed a two-headed ogre
 11232 | D:11     | Reached skill level 10 in Armour
 11440 | D:11     | Noticed a two-headed ogre
 11445 | D:11     | Killed a two-headed ogre
 11665 | D:12     | Noticed a boulder beetle
 11673 | D:11     | Killed a boulder beetle
 11908 | D:12     | HP: 4/97 [fire elemental[a deep elf pyromancer] (3)]
 11909 | D:12     | Slain by a fire elemental

Illustrated notes

Levels and vault maps discovered:
D:1:      lemuel_arrival_behind_the_door_large, layout_basic, minivault_24,
          dreamdust_wishing_well, moated_statue, minmay_hedge_maze
D:2:      layout_basic, dreamdust_ecumenical_altar_grove, eino_tiny_chamber,
          minmay_joined_circles
D:3:      layout_loops_ring, bloody_trog, mainiacjoe_overflow_tiny_flanked,
          minmay_fractal_squares_gapless_5
D:4:      layout_basic, bloody_makhleb, lemuel_crystal_altar,
          gammafunk_temple_overflow_pools, grunt_temple_overflow_open,
          gammafunk_ghost_mausoleum
D:5:      layout_cave_pools, minmay_misc_feat_x, uniq_blork_the_orc, uniq_pikel
D:6:      layout_basic, mainiacjoe_overflow_catch_the_wave,
          minmay_misc_feat_pillars, minivault_24, uniq_crazy_yiuf_cottage
D:7:      layout_rooms, nicolae_yredelemnul_ghost_church,
          minmay_temple_entry_ruins, chequers_ossuary_entry_cave,
          corexii_corridor_pit, uniq_menkaure
D:8:      layout_loops_cross, enter_bailey_5, uniq_amaemon
D:9:      layout_cave_pools, minmay_guarded_unrand_finisher
D:10:     layout_loops_ring, vehumet_crystals, erik_lair_dragon, serial_shops,
          shop, uniq_harold, uniq_snorg, uniq_fannar
D:11:     layout_loops_ring
D:12:     minmay_expanding_circles, layout_rooms, orc_0_dummy, chequers_garden

Skill      XL: |  1  2  3  4  5  6  7  8  9 10 11 12 |
---------------+-------------------------------------+-----
Axes           | 3 4 5 7 8 10 12 14 15 | 15.8
Armour         | 2 3 4 8 10 | 10.9
Fighting       | 4 6 7 8 10 | 10.0
Dodging        | |  1.7

Action                   |  1- 3 |  4- 6 |  7- 9 | 10-12 || total
-------------------------+-------+-------+-------+-------++-------
Melee: Hand axe          |    82 |   120 |       |       ||   202
       Headbutt          |     4 |    20 |    36 |    75 ||   135
       Punch             |     2 |     1 |     3 |     7 ||    13
       War axe           |       |    56 |    35 |       ||    91
       Broad axe         |       |       |   205 |   382 ||   587
Invok: Berserk           |     6 |     7 |     8 |    13 ||    34
       Trog's Hand       |       |       |     1 |     2 ||     3
Evoke: Wand              |       |       |       |     2 ||     2
  Use: Scroll            |     2 |     1 |     1 |    19 ||    23
       Potion            |       |     1 |       |       ||     1
Armor: Plate armour      |    59 |   109 |   177 |   281 ||   626
Dodge: Dodged            |    21 |    65 |    57 |   132 ||   275

Table legend: (Time is in decaauts)
 A = Elapsed time spent in this place.
 B = Non-inter-level travel time spent in this place.
 C = Inter-level travel time spent in this place.
 D = Time resting spent in this place.
 E = Time spent auto-exploring this place.
 F = Levels seen in this place.
 G = Mean time per level.
                   A        B        C        D        E       F      G
               +--------+--------+--------+--------+--------+-----+--------+
         Total |  12290 |  11921 |    369 |   2763 |   5348 |  14 |  877.9 |
       Dungeon |  11485 |  11116 |    369 |   2689 |   5234 |  12 |  957.1 |
       Ossuary |    279 |    279 |      0 |      0 |    114 |   1 |  279.0 |
        Bailey |    524 |    524 |      0 |     74 |      0 |   1 |  524.0 |
               +--------+--------+--------+--------+--------+-----+--------+

Top non-repeatable levels by time:
     D:6: 1503 daAuts
     D:2: 1335 daAuts
    D:10: 1243 daAuts
    D:11: 1165 daAuts
     D:4: 1143 daAuts
     D:3: 1058 daAuts
     D:7: 914 daAuts
     D:9: 864 daAuts
     D:8: 778 daAuts
     D:1: 768 daAuts
     D:5: 636 daAuts
  Bailey: 524 daAuts
 Ossuary: 279 daAuts
    D:12: 73 daAuts
